 Dungeon Crawl Stone Soup version 0.19-a0-1492-gce1cc90 (webtiles) character file.

740 PurpleRed the Chopper (level 8, 0/62 HPs)
             Began as a Human Berserker on Sept 8, 2016.
             Was a Believer of Trog.
             Shot with an arrow by a centaur (1 damage)
             ... on level 5 of the Dungeon.
             The game lasted 00:11:47 (1140 turns).

PurpleRed the Chopper (Human Berserker)             Turns: 1140, Time: 00:11:47

Health: 0/62       AC:  9    Str: 20    XL:     8   Next: 5%
Magic:  8/8        EV:  8    Int:  8    God:    Trog [**....]
Gold:   155        SH:  0    Dex: 12    Spells: 0 memorised, 7 levels left

rFire  . . .     SeeInvis .     a - +1 hand axe
rCold  . . .     Gourm    .     i - +0 chain mail
rNeg   + . .     Faith    .     (no shield)
rPois  .         Spirit   .     (no helmet)
rElec  .         Dismiss  .     (no cloak)
rCorr  .         Reflect  .     (no gloves)
MR     ++...     Harm     .     d - +0 pair of boots
Stlth  ..........               (no amulet)
                                (no ring)
                                k - ring of positive energy

@: very slightly contaminated, regenerating
A: no striking features
a: Berserk, Trog's Hand, Burn Spellbooks, Renounce Religion


You were on level 5 of the Dungeon.
You worshipped Trog.
Trog was pleased with you.
You were very hungry.

You visited 1 branch of the dungeon, and saw 5 of its levels.

You collected 155 gold pieces.

Inventory:

Hand Weapons
 a - a +1 hand axe (weapon)
Missiles
 e - 5 tomahawks (quivered)
 m - 30 sling bullets
Armour
 d - a +0 pair of boots (worn)
 i - a +0 chain mail (worn)
 n - a +1 scale mail
 t - a +0 large shield
Jewellery
 k - a ring of positive energy (left hand)
Wands
 g - a wand of slowing (25/48)
Scrolls
 f - 2 scrolls of remove curse
 r - a scroll of identify {unknown}
 v - a scroll of magic mapping {unknown}
Potions
 j - 2 potions of degeneration {unknown}
 l - a potion of lignification {unknown}
 p - 2 potions of curing {unknown}
Books
 b - a book of Maledictions

   Spells                             Type                      Level
   a - Corona                         Hexes                        1
   b - Ensorcelled Hibernation        Hexes/Ice                    2
   c - Confuse                        Hexes                        3
   d - Tukima's Dance                 Hexes                        3
   e - Dazzling Spray                 Conjuration/Hexes            3
   Trog disapproves of the use of such an item.
Comestibles
 c - 3 bread rations
 o - 2 fruits
 s - a slice of pizza
 u - a chunk of flesh


   Skills:
 + Level 5.3 Fighting
 * Level 7.6 Axes
 - Level 2.0 Armour
 - Level 2.0 Dodging


You had 7 spell levels left.
You didn't know any spells.

Dungeon Overview and Level Annotations

Branches:
Dungeon (5/15)
 Temple: D:4-7

Altars:
Elyvilon
Uskayaw

Annotations:
D:5 Edmund, Eustachio


Message History

* * * LOW HITPOINT WARNING * * *
The orc throws a tomahawk.
The tomahawk closely misses you. The orc closely misses you.
The orc throws a tomahawk.
The tomahawk hits you.
* * * LOW HITPOINT WARNING * * *
You see here a tomahawk.
The orc hits you with a quarterstaff.
* * * LOW HITPOINT WARNING * * *
The centaur shoots an arrow.
The arrow hits you!
* * * LOW HITPOINT WARNING * * *
The arrow freezes you.
* * * LOW HITPOINT WARNING * * *
You see here an arrow.
The centaur shoots an arrow.
The arrow hits you but does no damage.
Your skin crawls.
You feel resistant to hostile enchantments.
You feel somewhat more hungry. The orc barely misses you.
The centaur shoots an arrow.
The arrow hits you.
* * * LOW HITPOINT WARNING * * *
The arrow freezes you.
You die...

#........### ######## #####
#...........### #......#
##...###.............# #......#
##.....#............... #......#
#........####..........
#......####....<...#..#..........
#.....)#...........#(.#._........
#>.......###.).....#(.#.....(....
#.....)...#.....@go####..........
#...^..##.#.....o..ogog......##..
#......##.........#cs(g(.g..(##†.
#......#####.......#.......#..#..
######## ##...##.##........(##.
######..###.#..##..gg
##.............. ###..#.##.....
#.......##..


You could see a centaur, a scorpion, 2 dancing weapons, 4 gnolls and 4 orcs.

Vanquished Creatures
  The ghost of Frosty the Ducker, an amateur DrBe of Trog (D:4)
  Duvessa (D:4)
  Dowan (D:4)
  A howler monkey (D:5)
  A hound (D:5)
  3 orc wizards
  A centaur skeleton (D:4)
  A giant frog skeleton (D:4)
  2 worker ants (D:4)
  A hound skeleton (D:5)
  3 adders
  2 oozes
  2 adder zombies (D:5)
  An adder skeleton (D:5)
  A giant gecko (D:5)
  15 orcs
  A ball python (D:4)
  2 giant cockroaches
  5 goblins
  A hobgoblin (D:2)
  A quokka (D:2)
  2 bats
  4 giant newts
  2 rats
55 creatures vanquished.

Notes
Turn   | Place    | Note
-------+----------+-------------------------------------------
     0 | D:1      | PurpleRed the Human Berserker began the quest for the Orb.
     0 | D:1      | Reached XP level 1. HP: 18/18 MP: 1/1
    45 | D:1      | Reached XP level 2. HP: 24/24 MP: 2/2
    80 | D:2      | Reached XP level 3. HP: 11/29 MP: 3/3
   152 | D:2      | Reached skill level 4 in Axes
   424 | D:4      | Reached XP level 4. HP: 35/35 MP: 4/4
   440 | D:5      | Entered Level 5 of the Dungeon
   479 | D:4      | Reached XP level 5. HP: 42/42 MP: 5/5
   501 | D:4      | Noticed Frosty's ghost (amateur DrBe)
   533 | D:4      | Reached ** piety under Trog
   545 | D:4      | Killed Frosty's ghost
   545 | D:4      | Reached skill level 6 in Axes
   545 | D:4      | Reached XP level 6. HP: 25/49 MP: 6/6
   594 | D:4      | Found a white marble altar of Elyvilon.
   669 | D:4      | Reached XP level 7. HP: 55/55 MP: 7/7
   854 | D:4      | Noticed Duvessa
   855 | D:4      | Noticed Dowan
   863 | D:4      | Killed Dowan
   868 | D:4      | Killed Duvessa
   868 | D:4      | Reached skill level 5 in Fighting
   868 | D:4      | Reached skill level 7 in Axes
   950 | D:5      | Noticed an enchanted hand axe
   950 | D:5      | Noticed a dagger
   955 | D:5      | Found a hide-covered altar of Uskayaw.
  1074 | D:5      | Reached XP level 8. HP: 62/62 MP: 8/8
  1080 | D:5      | Noticed Edmund
  1116 | D:5      | Noticed Eustachio
  1133 | D:5      | HP: 1/62 [centaur/arrow (3)]
  1140 | D:5      | HP: 1/62 [centaur/arrow (6)]
  1140 | D:5      | Shot with an arrow by a centaur

Vault maps used:
D:1:      lightli_arrival_boilingwater
D:2:      serial_bayou_pond_a
D:3:      lemuel_blue_sif_altar, kennysheep_crisscross
D:4:      elyvilon_altar_3, dk_noncrumbling_3, uniq_duvessa
D:5:      dancing_weapons_uskayaw, first_bread, uniq_edmund, uniq_eustachio

Skill      XL: |  1  2  3  4  5  6  7 |
---------------+----------------------+-----
Axes           | 4 6 7 |  7.6
Fighting       | 4 5 |  5.3
Armour         | |  2.0
Dodging        | |  2.0

Action                   |  1- 3 |  4- 6 |  7- 9 || total
-------------------------+-------+-------+-------++-------
Melee: Hand axe          |    41 |    35 |    78 ||   154
Invok: Berserk           |     4 |     4 |     5 ||    13
       Trog's Hand       |       |     1 |     4 ||     5
  Use: Scroll            |       |     4 |     2 ||     6
  Eat: Chunk             |     1 |     1 |     7 ||     9
       Meat ration       |       |     1 |       ||     1
       Fruit             |       |     1 |       ||     1
Armor: Leather armour    |    15 |       |       ||    15
       Scale mail        |     2 |    10 |    19 ||    31
       Animal skin       |     2 |       |       ||     2
       Chain mail        |       |       |    41 ||    41
Dodge: Dodged            |    45 |    18 |    49 ||   112
